 Dungeon Crawl Stone Soup version 0.31.0-11-ge490571c62 (webtiles) character file.

Game seed: 7572109818177848824

553 Esekla the Trooper (level 7, -2/37 HPs)
             Began as a Vine Stalker Warper on Jan 31, 2024.
             Was an Initiate of Vehumet.
             Succumbed to a water moccasin's poison
             ... on level 5 of the Dungeon.
             The game lasted 00:16:24 (3536 turns).

Esekla the Trooper (Vine Stalker Warper)            Turns: 3536, Time: 00:16:24

Health: -2/37      AC:  3    Str: 14    XL:     7   Next: 29%
Magic:  0/13       EV: 12    Int: 15    God:    Vehumet [......]
Gold:   159        SH:  0    Dex: 13    Spells: 11/13 levels left

rFire   . . .        a - +0 falchion
rCold   + . .        (no shield)
rNeg    + . .        u - +0 robe
rPois   .            (no helmet)
rElec   .            (no cloak)
rCorr   .            q - +0 pair of gloves
SInv    .            (no boots)
Will    .....        (no amulet)
Stlth   ++           e - ring of positive energy
HPRegen 1.06/turn    v - ring of protection from cold
MPRegen 0.13/turn

%: guardian spirit
@: lethally poisoned (-2 -> -9)
A: fangs 2, regeneration 1, magic shield, antimagic bite, no potion heal 2
a: Renounce Religion


You were on level 5 of the Dungeon.
You worshipped Vehumet.
Vehumet was noncommittal.
You visited 1 branch of the dungeon, and saw 5 of its levels.

You collected 159 gold pieces.

Inventory:

Hand Weapons
 a - a +0 falchion (weapon)
 r - a +0 spear
 s - a +0 dagger of venom
Missiles
 d - 5 darts of dispersal (quivered)
Armour
 q - a +0 pair of gloves (worn)
 u - a +0 robe (worn)
Jewellery
 e - a ring of positive energy (left hand)
 v - a ring of protection from cold (right hand)
Wands
 p - a wand of iceblast (19)
Scrolls
 c - 2 scrolls of blinking
 f - 7 scrolls of identify {unknown}
 h - a scroll of revelation {unknown}
 i - 2 scrolls of vulnerability {unknown}
 j - 2 scrolls of teleportation {unknown}
 k - a scroll of immolation {unknown}
 o - a scroll of silence {unknown}
 t - a scroll of enchant weapon {unknown}
 w - a scroll of noise {unknown}
Potions
 b - a potion of magic {unknown}
 g - a potion of heal wounds
 l - a potion of might {unknown}
 m - 2 potions of brilliance {unknown}
 n - a potion of curing {unknown}


   Skills:
 * Level 4.1 Fighting
 + Level 3.8 Long Blades
 + Level 0.9 Throwing
 - Level 0.7 Armour
 + Level 2.8 Dodging
 + Level 2.2 Stealth
 * Level 3.6 Spellcasting
 + Level 3.4 Translocations


You had 11 spell levels left.
You knew the following spells:

 Your Spells              Type           Power      Damage    Failure   Level
b - Blink                 Tloc           26%        N/A       7%          2

Your spell library contained the following spells:

 Spells                   Type           Power      Damage    Failure   Level
 Lesser Beckoning         Tloc           26%        N/A       7%          2
 Teleport Other           Tloc           13%        N/A       14%         3
 Static Discharge         Conj/Air       4%         3-4/arc   28%         2
 Volatile Blastmotes      Fire/Tloc      14%        2d11      28%         3
 Manifold Assault         Tloc           13%        N/A       41%         4
 Call Canine Familiar     Summ           2%         N/A       50%         3
 Dazzling Flash           Conj/Hex       4%         N/A       50%         3
 Sigil of Binding         Hex            2%         N/A       50%         3
 Dimensional Bullseye     Hex/Tloc       3%         N/A       67%         4
 Vhi's Electric Charge    Tloc/Air       14%        N/A       67%         4
 Airstrike                Air            1%         2d(1-17)  88%         4
 Summon Lightning Spire   Summ/Air       2%         N/A       88%         4
 Starburst                Conj/Fire      1%         6d3       100%        6
 Maxwell's Capacitive Co  Air            1%         ∞         100%        8


Dungeon Overview and Level Annotations

Branches:
Dungeon (5/15)
 Temple: D:4-7

Altars:
Fedhas
Vehumet
Xom


Innate Abilities, Weirdness & Mutations

You have extremely sharp teeth.
Your natural rate of healing is unusually fast.
When hurt, damage is shared between your health and your magic reserves.
Your bite disrupts and absorbs the magic of your enemies.
Potions cannot restore your health.


Message History

An orc and a gnoll come into view.
The orc wizard shouts!
You hear a shout!
The gnoll shouts!
You hear a shout!
A gnoll comes into view. It is wielding a +0 spear.
The orc moves out of view.
You hear an angry hiss.
Casting: Blink (safe; 7% risk of failure)
Confirm with . or Enter, or press ? or * to list all spells.
You blink.
The adder closely misses you. The adder bites you but does no damage.
The water moccasin bites you.
You are poisoned.
The water moccasin poisons you!
You feel very sick. The water moccasin bites you.
You are more poisoned.
The water moccasin poisons you!
You feel very sick.
The water moccasin bites you but does no damage.
You feel very sick.
You feel very sick.
The water moccasin attacks as it pursues you!
The water moccasin closely misses you.
You barely miss the water moccasin. Your bite misses the water moccasin.
You feel ready to blink again.
You feel very sick. The water moccasin closely misses you.
The water moccasin bites you.
* * * LOW HITPOINT WARNING * * *
You slash the water moccasin!
The water moccasin is moderately wounded.
You feel sick. The water moccasin barely misses you.
You closely miss the water moccasin.
The water moccasin is moderately wounded.
You feel sick. The water moccasin bites you.
* * * LOW HITPOINT WARNING * * *
The water moccasin bites you.
* * * LOW HITPOINT WARNING * * *
You are more poisoned.
The water moccasin poisons you!
It was a potion of heal wounds.
That seemed strangely inert.
You die...

.# #......... .# #.########
.# ####.#### #.# #.......#
####.####.#####.#
##.........# #.#
##.....#....# #.#
#####.#.#S##.#..# ###.###
.......S##@#.#..###.....###
.####.#.#.##.#.............
#..........)).............
#.####.####.#####.......##
#. #.# #.# #.......#
#.####.####.# #.##.#..#
........h...# #.##.#..#
o...o..###### #.##.#..#
og####..# ..# .# .#


You could see a water moccasin.

Vanquished Creatures
  An ogre (D:5)
  2 phantoms
  A scorpion (D:3)
  2 hounds
  An orc priest (D:5)
  An orc wizard (D:2)
  7 adders
  A gnoll (D:1)
  5 dart slugs
  A ribbon worm (D:2)
  5 orcs
  6 ball pythons
  3 bats
  7 endoplasms
  3 giant cockroaches
  8 hobgoblins
  3 quokkas
  2 frilled lizards
  6 goblins
  5 kobolds
  A rat (D:3)
71 creatures vanquished.

Notes
Turn   | Place    | Note
-------+----------+-------------------------------------------
     0 | D:1      | Esekla the Vine Stalker Warper began the quest for the Orb.
     0 | D:1      | Reached XP level 1. HP: 11/11 MP: 4/4
    54 | D:1      | Reached skill level 2 in Fighting
    75 | D:1      | Reached XP level 2. HP: 12/15 MP: 3/6
    88 | D:1      | Learned a level 2 spell: Blink
   272 | D:1      | Reached XP level 3. HP: 19/19 MP: 7/7
   665 | D:2      | Found a faded altar of an unknown god.
   726 | D:3      | Reached XP level 4. HP: 23/23 MP: 9/9
   769 | D:4      | Noticed a scorpion
   779 | D:3      | Killed a scorpion
   780 | D:3      | Reached skill level 3 in Fighting
   790 | D:3      | Reached skill level 1 in Stealth
   790 | D:3      | Reached XP level 5. HP: 20/28 MP: 6/10
   963 | D:3      | Found a radiant altar of Vehumet.
  1402 | D:3      | Became a worshipper of Vehumet
  2928 | D:5      | Entered Level 5 of the Dungeon
  3016 | D:5      | Noticed an ogre
  3156 | D:5      | Found a shimmering altar of Xom.
  3165 | D:5      | Noticed a phantom
  3193 | D:5      | Killed a phantom
  3194 | D:5      | Reached XP level 6. HP: 20/32 MP: 4/11
  3195 | D:5      | Found a blossoming altar of Fedhas.
  3307 | D:5      | Noticed a steam dragon
  3413 | D:4      | Reached skill level 4 in Fighting
  3413 | D:4      | Reached XP level 7. HP: 37/37 MP: 13/13
  3535 | D:5      | HP: 1/37 [water moccasin (2)]
  3536 | D:5      | Succumbed to a water moccasin's poison

Illustrated notes

Levels and vault maps discovered:
D:1:      spicycebolla_arrival_clurvy, layout_basic
D:2:      layout_basic, ebering_ecumenical_altar_sacrificial
D:3:      layout_loops_ring, nicolae_overflow_hidden_temple, serial_rivers,
          chequers_serial_rivers_micro_d, chequers_serial_rivers_room_b,
          chequers_serial_rivers_micro_e, chequers_serial_rivers_small_3,
          st_stairs_8
D:4:      layout_cave_pools
D:5:      layout_loops_ring, nicolae_overflow_squiral, minmay_misc_feat_five,
          uniq_grinder

Skill      XL: |  1  2  3  4  5  6 |
---------------+-------------------+-----
Fighting       | 2 3 4 |  4.1
Long Blades    | 2 3 |  3.8
Stealth        | 1 2 |  2.2
Spellcasting   | 3 |  3.6
Dodging        | 2 |  2.8
Throwing       | |  0.9
Armour         | |  0.7
Translocations | |  3.4

Action                     |  1- 3 |  4- 6 |  7- 9 || total
---------------------------+-------+-------+-------++-------
  Melee: Falchion          |    85 |   171 |    23 ||   279
         Bite              |    21 |    49 |     7 ||    77
         Punch             |     1 |     4 |     1 ||     6
  Throw: Dart              |       |     2 |       ||     2
   Cast: Blink             |       |       |     1 ||     1
    Use: Potion            |       |       |     1 ||     1
   Stab: Sleeping          |       |     2 |       ||     2
 Armour: Leather armour    |    37 |    40 |       ||    77
         Robe              |       |    59 |    20 ||    79
  Dodge: Dodged            |    60 |   112 |    17 ||   189
